 Dungeon Crawl Stone Soup version 0.29.0-4-gdea44cf6ec (webtiles) character file.

Game seed: 8827172964923554493

54 qw the Chopper (level 3, 0/21 HPs)
             Began as a Tengu Warper on Aug 28, 2022.
             Succumbed to their own poison gas
             ... on level 2 of the Dungeon.
             The game lasted 00:00:10 (1963 turns).

qw the Chopper (Tengu Warper)                       Turns: 1963, Time: 00:00:11

Health: 0/21       AC:  9    Str: 13    XL:     3   Next: 91%
Magic:  7/7        EV:  6    Int: 13    God:
Gold:   120        SH:  0    Dex: 13    Spells: 6/6 levels left

rFire   . . .      SeeInvis .   Y - +1 hand axe
rCold   . . .      Faith    .   (no shield)
rNeg    . . .      Spirit   .   i - +0 chain mail
rPois   .          Reflect  .   (helmet restricted)
rElec   .          Harm     .   (no cloak)
rCorr   .          Rampage  .   h - +0 pair of gloves
Will    .....                   (boots unavailable)
Stlth   ..........              (no amulet)
HPRegen 0.07/turn               (no ring)
MPRegen 0.10/turn               (no ring)

@: brilliant, lethally poisoned (0 -> -2), hasted, very quick
A: beak, talons 3
a: no special abilities


You were on level 2 of the Dungeon.
You visited 1 branch of the dungeon, and saw 2 of its levels.

You collected 120 gold pieces.


Innate Abilities, Weirdness & Mutations

You have a beak for a mouth.
You have claws for feet.


   Skills:
 - Level 2.0 Fighting
 + Level 4.5 Axes
 - Level 1.0 Throwing
 - Level 1.1 Armour
 - Level 2.1 Dodging
 - Level 2.0 Spellcasting
 - Level 2.4 Translocations


You had 6 spell levels left.
You didn't know any spells.
Your spell library contained the following spells:

 Spells                   Type           Power      Damage    Failure   Level
 Blink                    Tloc           22%        N/A       99%         2
 Gell's Gravitas          Tloc           11%        N/A       100%        3
 Lesser Beckoning         Tloc           11%        N/A       100%        3
 Teleport Other           Tloc           11%        N/A       100%        3
 Manifold Assault         Tloc           11%        N/A       100%        5

Inventory:

Hand Weapons
 d - a +0 whip
 Y - a +1 hand axe (weapon)
Armour
 h - a +0 pair of gloves (worn)
 i - a +0 chain mail (worn)
Scrolls
 c - a scroll of identify
Potions
 b - a potion of haste
 e - a potion of degeneration {unknown}
 f - a potion of mutation {unknown}

Dungeon Overview and Level Annotations

Branches:
Dungeon (2/15)

Altars:


Message History

Done exploring.
1949 ||| DRINKING 3 red potions.
It was a potion of brilliance.
You feel clever all of a sudden.
Done exploring.
1950 ||| DROPPING 2 potions of brilliance.
You drop 2 potions of brilliance.
Done exploring.
(D) Dungeon
Where to? (* - list waypoints, Enter - D:2, ? - help)
What level of the Dungeon? (default 1, ? - help) Sorry, I don't know how to get there.
Done exploring.
1951 ||| Stepping randomly (stuck).
Really walk into that cloud of poison gas?
You are engulfed in poison gas.
You are poisoned.
You feel very sick.
1952 ||| Stepping ~*~*~tactically~*~*~ (cloud).
You feel very sick.
You see here 2 potions of brilliance.
There is a lethal amount of poison in your body!
You feel sick.
There is a lethal amount of poison in your body!
You feel sick.
There is a lethal amount of poison in your body!
You feel sick.
There is a lethal amount of poison in your body!
You feel sick.
There is a lethal amount of poison in your body!
You feel sick.
There is a lethal amount of poison in your body!
You feel sick.
There is a lethal amount of poison in your body!
You feel sick.
There is a lethal amount of poison in your body!
You feel sick.
There is a lethal amount of poison in your body!
You feel sick.
There is a lethal amount of poison in your body!
There is a lethal amount of poison in your body!
You die...

##..#...# #....####.# #...#.....
....#.#.# #....#0.#.# #...#.....
.##.#.#.# #....#0¤#.# #####.....
.#..#.#.# #....#.0#.# #.....
.#.##.#.# #....#0.#.# ######
.#....#.# #....#0¤#.# #
.######.###....#.0#.# #
...K......#.####.0#.# #
#######.#.#.# #@¤#.# #
.#......#.#.# #¤.#.# #
.#.######_#.####.¤#.# # .#.#
#.#.......#.# # .#.#
#.#######.#.# #
.#.######.#######¤#.# #
.#...............¤#.# #
.#########%########.# #
.......)..........#.#############


There were no monsters in sight!

Vanquished Creatures
  Jessica (D:2)
  A worm (D:2)
  5 bats (D:1)
  2 endoplasms (D:1)
  3 giant cockroaches
  A goblin (D:1)
  A quokka (D:1)
  5 ball pythons
  2 frilled lizards
  4 kobolds
  A rat (D:1)
26 creatures vanquished.

Notes
Turn   | Place    | Note
-------+----------+-------------------------------------------
     0 | D:1      | qw the Tengu Warper began the quest for the Orb.
     0 | D:1      | Reached XP level 1. HP: 12/12 MP: 4/4
     0 | D:1      | 0 ||| qw: Version: 0.1-a-89-g26bdef1
     0 | D:1      | 0 ||| qw: Game counter: 1862
     0 | D:1      | 0 ||| qw: Always use a shield: true
     0 | D:1      | 0 ||| qw: God list: Okawaru
     0 | D:1      | 0 ||| qw: Allow faded altars: false
     0 | D:1      | 0 ||| qw: Do Orc after D:15 true
     0 | D:1      | 0 ||| qw: Do second Lair branch before Depths: true
     0 | D:1      | 0 ||| qw: Lair rune preference: random
     0 | D:1      | 0 ||| qw: Plans: Normal
     0 | D:1      | 0 ||| PLANNING D:1-11
   167 | D:1      | Reached XP level 2. HP: 13/17 MP: 6/6
   287 | D:1      | Reached skill level 3 in Axes
   744 | D:1      | 744 ||| UPGRADING to +0 chain mail.
   754 | D:1      | 754 ||| DROPPING +0 leather armour.
   755 | D:1      | 755 ||| READING scroll labelled UTSUNE ACWU.
   756 | D:1      | 756 ||| READING scroll labelled QUWENO JALOQ.
   760 | D:1      | 760 ||| READING scroll labelled GADWAO IKISYPECK.
   761 | D:1      | 761 ||| DROPPING scroll of blinking.
   825 | D:2      | Found a faded altar of an unknown god.
   946 | D:2      | 946 ||| FLEEEEING.
   947 | D:2      | 947 ||| FLEEEEING.
   948 | D:2      | 948 ||| FLEEEEING.
   950 | D:2      | 950 ||| FLEEEEING.
   951 | D:2      | 951 ||| FLEEEEING.
   952 | D:2      | 952 ||| FLEEEEING.
   953 | D:2      | 953 ||| FLEEEEING.
   954 | D:2      | 954 ||| FLEEEEING.
   955 | D:2      | 955 ||| FLEEEEING.
   956 | D:2      | 956 ||| FLEEEEING.
   957 | D:2      | 957 ||| FLEEEEING.
   958 | D:2      | 958 ||| FLEEEEING.
   959 | D:2      | 959 ||| FLEEEEING.
   960 | D:2      | 960 ||| FLEEEEING.
   963 | D:2      | 963 ||| FLEEEEING.
   964 | D:2      | 964 ||| FLEEEEING.
   968 | D:2      | 968 ||| FLEEEEING.
   974 | D:2      | 974 ||| FLEEEEING.
   975 | D:2      | 975 ||| FLEEEEING.
   976 | D:2      | 976 ||| FLEEEEING.
   977 | D:2      | 977 ||| FLEEEEING.
   978 | D:2      | 978 ||| FLEEEEING.
   979 | D:2      | 979 ||| FLEEEEING.
   980 | D:2      | 980 ||| FLEEEEING.
   981 | D:2      | 981 ||| FLEEEEING.
   982 | D:2      | 982 ||| FLEEEEING.
   983 | D:2      | 983 ||| FLEEEEING.
   984 | D:2      | 984 ||| FLEEEEING.
   991 | D:2      | 991 ||| FLEEEEING.
   992 | D:2      | 992 ||| FLEEEEING.
   993 | D:2      | 993 ||| FLEEEEING.
   994 | D:2      | 994 ||| FLEEEEING.
   995 | D:2      | 995 ||| FLEEEEING.
   996 | D:2      | 996 ||| FLEEEEING.
   997 | D:2      | 997 ||| FLEEEEING.
   998 | D:2      | 998 ||| FLEEEEING.
  1002 | D:2      | 1002 ||| FLEEEEING.
  1006 | D:2      | 1006 ||| FLEEEEING.
  1010 | D:2      | 1010 ||| FLEEEEING.
  1011 | D:2      | 1011 ||| FLEEEEING.
  1012 | D:2      | 1012 ||| FLEEEEING.
  1013 | D:2      | 1013 ||| FLEEEEING.
  1014 | D:2      | 1014 ||| FLEEEEING.
  1019 | D:2      | 1019 ||| FLEEEEING.
  1020 | D:2      | 1020 ||| FLEEEEING.
  1021 | D:2      | 1021 ||| FLEEEEING.
  1033 | D:2      | Reached XP level 3. HP: 19/21 MP: 7/7
  1308 | D:2      | Noticed Jessica
  1309 | D:2      | 1309 ||| Stepping ~*~*~tactically~*~*~ (hiding).
  1310 | D:2      | 1310 ||| Stepping ~*~*~tactically~*~*~ (hiding).
  1316 | D:2      | Killed Jessica
  1317 | D:2      | Reached skill level 4 in Axes
  1941 | D:2      | 1941 ||| UPGRADING to +0 pair of gloves.
  1946 | D:2      | 1946 ||| READING scroll labelled VUH OMEUQYEJ.
  1947 | D:2      | 1947 ||| READING scroll labelled VICVAOBEIXT.
  1948 | D:2      | 1948 ||| DRINKING 2 blue potions.
  1949 | D:2      | 1949 ||| DRINKING 3 red potions.
  1950 | D:2      | 1950 ||| DROPPING 2 potions of brilliance.
  1951 | D:2      | 1951 ||| Stepping randomly (stuck).
  1952 | D:2      | 1952 ||| Stepping ~*~*~tactically~*~*~ (cloud).
  1957 | D:2      | HP: 5/21 [poisoned by you (poison gas)]
  1960 | D:2      | HP: 2/21 [poisoned by you (poison gas)]
  1963 | D:2      | Succumbed to their own poison gas

Levels and vault maps discovered:
D:1:      minmay_arrival_arboretum_small, layout_rooms, corexii_hall_statues_s,
          minmay_box_of_dots
D:2:      layout_basic, basic_ecumenical_altar, uniq_jessica

Skill      XL: |  1  2  3 |
---------------+----------+-----
Axes           | 3 4 |  4.5
Fighting       | |  2.0
Throwing       | |  1.0
Armour         | |  1.1
Dodging        | |  2.1
Spellcasting   | |  2.0
Translocations | |  2.4

Action                   || total
-------------------------++-------
Melee: Hand axe          ||    63
       Kick              ||    16
       Peck              ||     4
Throw: Boomerang         ||     7
  Use: Scroll            ||     5
       Potion            ||     2
Armor: Leather armour    ||    17
       Chain mail        ||    17
Dodge: Dodged            ||    37

Table legend:
 A = Non-vault XP
 B = Vault XP
 C = Vault XP percentage of total XP
 D = Non-vault monster count
 E = Vault monster count
 F = Vault count percentage of total count
                 A         B        C        D         E       F
            +---------+---------+-------+---------+---------+-------
      Total |      34 |      44 |  56.4 |      21 |       5 |  19.2
            +---------+---------+-------+---------+---------+-------
        D:1 |      20 |       7 |  25.9 |      14 |       4 |  22.2
        D:2 |      14 |      37 |  72.5 |       7 |       1 |  12.5
            +---------+---------+-------+---------+---------+-------
